[Event "*** Qualifier 2: Titled Tuesday 3|2 Blitz"]
[Site "Chess.com"]
[Date "2017.04.11"]
[Round "9"]
[White "djano"]
[Black "Alexander_Donchenko"]
[Result "1-0"]
[WhiteElo "2351"]
[BlackElo "2550"]
[TimeControl "180+2"]
[EndTime "15:07:19 PDT"]
[Termination "djano won by resignation"]

1. d4 Nf6 2. Bf4 c5 3. d5 g6 4. Nc3 Bg7 5. e4 d6 6. Qd2 Na6 7. Be2 O-O 8. Bh6 Qb6 9. O-O-O Nxe4 10. Qe3 Nxc3 11. bxc3 Qa5 12. Bxg7 Kxg7 13. h4 Qxa2 14. g4 h6 15. Qxe7 Qa4 16. Qxd6 Bxg4 17. Bxg4 Qxg4 18.
Nh3 Qxh4 19. Nf4 Qxf2 20. Rdg1 Rg8 21. Rxg6+ fxg6 22. Qe7+ 1-0

[Event "*** Qualifier 2: Titled Tuesday 3|2 Blitz"]
[Site "Chess.com"]
[Date "2017.04.11"]
[Round "9"]
[White "dhanushbharadwaj"]
[Black "wonderfultime"]
[Result "0-1"]
[WhiteElo "2341"]
[BlackElo "2650"]
[TimeControl "180+2"]
[EndTime "15:07:23 PDT"]
[Termination "wonderfultime won on time"]

1. Nf3 d5 2. c4 c6 3. e3 Nf6 4. Nc3 a6 5. b3 Bg4 6. Bb2 Nbd7 7. h3 Bh5 8. Be2 e6 9. O-O Bd6 10. Rc1 O-O 11. d3 Qe7 12. Qc2 b5 13. cxd5 cxd5 14. Nd4 Rfc8 15. Bxh5 Nxh5 16. Qe2 Nhf6 17.
e4 dxe4 18. Nxe4 Nd5 19. Qf3 Be5 20. Ba1 Qa3 21. Rxc8+ Rxc8 22. Qg4 Rc1 23. Nd2 Rxf1+ 24.
Nxf1 Qxa2 25. Nxe6 Qxa1 26. Nxg7 N7f6 27. Qg5 Bf4 0-1

[Event "*** Qualifier 2: Titled Tuesday 3|2 Blitz"]
[Site "Chess.com"]
[Date "2017.04.11"]
[Round "9"]
[White "Iball95"]
[Black "RitvarsReimanis"]
[Result "1/2-1/2"]
[WhiteElo "2537"]
[BlackElo "2433"]
[TimeControl "180+2"]
[EndTime "15:07:27 PDT"]
[Termination "Game drawn by repetition"]

1. e4 c5 2. Nf3 Nc6 3. Nc3 d6 4.
Bb5 Bd7 5. O-O Nf6 6. Re1 e5 7. d3 Be7 8. Bg5 Ng8 9. Be3 Nf6 10. Bg5 Ng8 11. Bxe7 Ngxe7 12. Bc4 Be6 13. a3 O-O 14.
h3 h6 15. Rb1 Nd4 16. Bxe6 fxe6 17.
Nxd4 exd4 18. Ne2 e5 19. c3 b6 20. cxd4 exd4 21. Ng3 d5 22. Qg4 dxe4 23. Rxe4 Nd5 24.
Qe6+ Kh8 25. Rbe1 Nf4 26. Qg4 Qg5 27. Qd1 Rf7 28. Re5 Qg6 29. R1e4 Raf8 30. b4 cxb4 31.
axb4 Nxg2 32. Re6 Qg5 33. R6e5 Qg6 34. Re6 Qg5 35. R6e5 Qg6 36. Re6 Qg5 1/2-1/2

[Event "*** Qualifier 2: Titled Tuesday 3|2 Blitz"]
[Site "Chess.com"]
[Date "2017.04.11"]
[Round "9"]
[White "Hikaru"]
[Black "sergiochess83"]
[Result "1/2-1/2"]
[WhiteElo "2911"]
[BlackElo "2619"]
[TimeControl "180+2"]
[EndTime "15:07:37 PDT"]
[Termination "Game drawn by repetition"]

1. d4 Nf6 2. Nf3 g6 3. c4 Bg7 4. Nc3 d5 5. cxd5 Nxd5 6. e4 Nxc3 7. bxc3 c5 8. Be3 Qa5 9. Qd2 O-O 10. Rb1 Nd7 11. Bd3 e5 12. d5 Qc7 13. c4 Nf6 14. h3 Ne8 15. O-O Nd6 16. Nh2 f5 17. exf5 e4 18. f6 Bxf6 19. Be2 b6 20. Ng4 Bg7 21.
Bg5 Bxg4 22. Bxg4 Nxc4 23. Qe2 Nd6 24. Be6+ Kh8 25. h4 Bf6 26. Bf4 Rad8 27. Qxe4 Qg7 28. Qe3 Bd4 29. Qc1 Ne4 30. Rb3 Nxf2 31. Kh2 Rxf4 32. Qxf4 Be5 33. Rxf2 Rf8 34. Rbf3 Bxf4+ 35. Rxf4 Rxf4 36. Rxf4 Qe5 37. g3 c4 38. Kh3 c3 39.
Rf8+ Kg7 40. Rf7+ Kh8 41. Rf8+ Kg7 42. Rf7+ Kh8 43. Rf8+ 1/2-1/2

[Event "*** Qualifier 2: Titled Tuesday 3|2 Blitz"]
[Site "Chess.com"]
[Date "2017.04.11"]
[Round "9"]
[White "Winehouse83"]
[Black "DiogenesSinopeus"]
[Result "1-0"]
[WhiteElo "2329"]
[BlackElo "2270"]
[TimeControl "180+2"]
[EndTime "15:07:42 PDT"]
[Termination "Winehouse83 won by resignation"]

1. d4 Nf6 2. c4 e6 3. Nf3 Bb4+ 4.
Nbd2 b6 5. a3 Bxd2+ 6. Nxd2 Bb7 7. Qc2 d5 8. cxd5 Qxd5 9. Qc4 Qxc4 10. Nxc4 Nbd7 11. Bf4 Nd5 12. Bg3 Ba6 13. e4 Bxc4 14. Bxc4 N5f6 15. f3 Ke7 16. Ke2 c5 17. Rhd1 cxd4 18.
Rxd4 e5 19. Rd2 Nh5 20. Bxf7 Nxg3+ 21. hxg3 Rhd8 22. Rad1 Nc5 23. Rxd8 Rxd8 24. Rxd8 Kxd8 25. Ke3 Ke7 26. Bc4 Kd6 27. b4 Nb7 28. f4 Nd8 29.
Bd5 Ne6 30. Bxe6 Kxe6 31. Kf3 Kf6 32. Kg4 b5 33. Kh5 Ke6 34. f5+ Kf6 35. g4 h6 36.
g5+ hxg5 37. g3 a6 38. g4 Ke7 39. Kg6 Kf8 40. f6 Kg8 41. Kxg5 Kf7 42. fxg7 Kxg7 43. Kf5 Kf7 44. Kxe5 1-0

[Event "*** Qualifier 2: Titled Tuesday 3|2 Blitz"]
[Site "Chess.com"]
[Date "2017.04.11"]
[Round "9"]
[White "StarkAst"]
[Black "amaidel"]
[Result "1-0"]
[WhiteElo "2351"]
[BlackElo "2432"]
[TimeControl "180+2"]
[EndTime "15:07:45 PDT"]
[Termination "StarkAst won by checkmate"]

1. e4 e5 2. Nf3 Nf6 3. Nxe5 d6 4.
Nf3 Nxe4 5. c4 Be7 6. Nc3 Nf6 7. d4 d5 8. cxd5 Nxd5 9. Bc4 Nb6 10. Bd3 O-O 11. O-O Nc6 12. Re1 Bf6 13. Be3 Bg4 14. h3 Bh5 15. d5 Ne5 16. Bxh7+ Kxh7 17. Ng5+ Bxg5 18. Qxh5+ Bh6 19. Bxh6 gxh6 20. Rxe5 Qf6 21. Rae1 Nc4 22. Re7 Rac8 23. R1e6 Qg5 24. Qxg5 hxg5 25. Ne4 Kg8 26. Nf6+ Kg7 27. Nh5+ Kg8 28. Rf6 Nd6 29. Re5 Kh7 30. Rxg5 Ne4 31. Rg7+ Kh8 32. Rh6# 1-0

[Event "*** Qualifier 2: Titled Tuesday 3|2 Blitz"]
[Site "Chess.com"]
[Date "2017.04.11"]
[Round "9"]
[White "Rating-Schmating"]
[Black "Generalas"]
[Result "0-1"]
[WhiteElo "2241"]
[BlackElo "2219"]
[TimeControl "180+2"]
[EndTime "15:07:53 PDT"]
[Termination "Generalas won by checkmate"]

1. e4 e5 2. Nf3 Nc6 3. d4 exd4 4.
Nxd4 Bc5 5. Nxc6 Qf6 6. Qf3 dxc6 7. Nc3 Be6 8. Be3 Bb4 9. Bd2 O-O-O 10. Bd3 Qxf3 11.
gxf3 Ne7 12. f4 f5 13. e5 Bxc3 14. Bxc3 c5 15. O-O-O c4 16. Be2 Rxd1+ 17. Rxd1 Rd8 18. Rxd8+ Kxd8 19. Bd2 Kd7 20. Be3 b6 21. Kd2 a6 22. Kc3 Nd5+ 23. Kd4 c5+ 24. Kxc4 Nxf4+ 25. Kc3 Nxe2+ 26. Kd3 Ng1 27. b4 Kc6 28. bxc5 bxc5 29. a3 Nf3 30. Bf4 g5 31. Bc1 h6 32. Ke3 Nxe5 33. h4 Ng6 34. hxg5 hxg5 35. Kf3 g4+ 36. Kg3 Kd5 37. f3 gxf3 38. Kxf3 Kc4 39. Be3 Bd5+ 40.
Ke2 Be4 41. Kd2 f4 42. Bf2 Ne5 43. Kc1 Nf3 44. Kb2 Nd4 45. c3 Nb5 46. Be1 a5 47. a4 Nc7 48. Ka3 Bc6 49. Bf2 Nd5 50. Kb2 Bxa4 51. Be1 Bd7 52. Bd2 f3 53. Be1 Ne3 54. Kc1 Bf5 55. Kd2 Ng4 56. Bg3 a4 57. Bd6 a3 58. Bxc5 Kxc5 59. c4 Kxc4 60. Ke1 Kd3 61. Kd1 f2 62. Kc1 f1=Q# 0-1

[Event "*** Qualifier 2: Titled Tuesday 3|2 Blitz"]
[Site "Chess.com"]
[Date "2017.04.11"]
[Round "9"]
[White "donotreadit"]
[Black "evgenyermolaev"]
[Result "1-0"]
[WhiteElo "2521"]
[BlackElo "2361"]
[TimeControl "180+2"]
[EndTime "15:07:58 PDT"]
[Termination "donotreadit won by resignation"]

1. d4 Nf6 2. c4 c5 3. Nf3 cxd4 4.
Nxd4 Nc6 5. Nc3 g6 6. e4 d6 7. Be2 Bg7 8. Be3 O-O 9. O-O Bd7 10.
f3 Rc8 11. Qd2 Nxd4 12. Bxd4 Bc6 13. Rac1 Nd7 14. Be3 a6 15. Rfd1 Nc5 16. Bf1 f5 17.
exf5 gxf5 18. b3 Kh8 19. Qf2 Qe8 20. Nd5 e6 21. Nb4 f4 22. Bd4 a5 23. Bxg7+ Kxg7 24. Rxd6 axb4 25. Qxc5 Rf5 26. Qxb4 Qg6 27. Re1 Re8 28.
Rxc6 bxc6 29. Bd3 Qf6 30. Bxf5 Qxf5 31. Qb7+ Kf6 32. Qxc6 Rd8 33. Qe4 Qc5+ 34. Kh1 Qd6 35. Qxh7 Qd2 36. Qh6+ Kf7 37. Qxe6+ Kg7 38. Qe5+ Kg6 39.
h3 Rd3 40. Qe6+ Kg7 41. Qg4+ Kf8 42. Qf5+ Kg7 43. Re7+ 1-0

[Event "*** Qualifier 2: Titled Tuesday 3|2 Blitz"]
[Site "Chess.com"]
[Date "2017.04.11"]
[Round "9"]
[White "GM_Splinter"]
[Black "dolynachess"]
[Result "0-1"]
[WhiteElo "2327"]
[BlackElo "2328"]
[TimeControl "180+2"]
[EndTime "15:08:01 PDT"]
[Termination "dolynachess won by resignation"]

1. e4 e6 2. d4 d5 3. Nd2 dxe4 4.
Nxe4 Bd7 5. Nf3 Bc6 6. Ned2 Nd7 7. Nc4 Bxf3 8. Qxf3 c6 9. Be3 Ngf6 10. Bd3 Nb6 11. Ne5 Be7 12. Qg3 g6 13. O-O-O Nbd5 14. Bd2 Nb4 15.
Bxb4 Bxb4 16. Kb1 Qc7 17. Qf3 Be7 18. g4 Rf8 19. Qh3 O-O-O 20. Rhe1 h5 21. g5 Nd7 22. Nf3 Kb8 23. Qh4 Nb6 24. c4 c5 25. Qe4 a6 26. h4 Rd7 27. dxc5 Bxc5 28. Ne5 Rd4 29. Qf3 Rxh4 30. Nxg6 fxg6 31. Qe4 0-1

[Event "*** Qualifier 2: Titled Tuesday 3|2 Blitz"]
[Site "Chess.com"]
[Date "2017.04.11"]
[Round "9"]
[White "Fandorine"]
[Black "Indianlad"]
[Result "1-0"]
[WhiteElo "2672"]
[BlackElo "2587"]
[TimeControl "180+2"]
[EndTime "15:08:11 PDT"]
[Termination "Fandorine won by resignation"]

1. e4 c5 2. Nf3 d6 3. d4 cxd4 4.
Nxd4 Nf6 5. Nc3 a6 6. h3 h5 7. Bg5 Nbd7 8. Qd2 g6 9. f4 b5 10. O-O-O Bb7 11. e5 dxe5 12. Ndxb5 e4 13. Bxf6 exf6 14.
Nd6+ Bxd6 15. Qxd6 Qe7 16. Qd4 Nc5 17. Bc4 O-O 18.
f5 Rfd8 19. Qe3 g5 20. h4 Rxd1+ 21. Nxd1 g4 22. Qh6 Nd7 23. Qg6+ Kf8 24. Qxh5 Ke8 25. Ne3 Ne5 26. Rd1 Qc5 27. Nxg4 Qxc4 28. Nxf6+ Ke7 29. Qg5 Nd3+ 30. Kb1 Rc8 31. Nxe4+ Ke8 32. Nd6+ 1-0

[Event "*** Qualifier 2: Titled Tuesday 3|2 Blitz"]
[Site "Chess.com"]
[Date "2017.04.11"]
[Round "9"]
[White "MITerryble"]
[Black "XDPS"]
[Result "1-0"]
[WhiteElo "2656"]
[BlackElo "2584"]
[TimeControl "180+2"]
[EndTime "15:08:15 PDT"]
[Termination "MITerryble won by checkmate"]

1. d4 d5 2. Nf3 Nf6 3. c4 dxc4 4. e3 Bg4 5. Bxc4 e6 6. h3 Bh5 7.
Qb3 Qc8 8. Ne5 Bd6 9. Nc3 a6 10. O-O O-O 11. g4 Bg6 12. g5 Nfd7 13. Nxg6 hxg6 14.
f4 b5 15. Be2 c5 16. d5 c4 17. Qd1 Nc5 18. Bg4 Rd8 19. e4 Bf8 20. Qf3 b4 21.
Ne2 Qb7 22. dxe6 Rd3 23. exf7+ Qxf7 24. Qg2 Nc6 25. e5 Qc7 26. Ng3 Rad8 27. Ne4 Nd4 28. Kh1 Nf5 29. Bxf5 gxf5 30. Nf2 R3d5 31. Be3 Nd3 32.
Nxd3 Rxd3 33. Rae1 Qf7 34. g6 Qe7 35. Bf2 Rd2 36.
Qf3 Qe6 37. Qh5 Qc6+ 38. Kg1 Bc5 39. Qh7+ Kf8 40. Qh8+ Ke7 41. Qxg7+ Ke6 42. Qf7# 1-0

[Event "*** Qualifier 2: Titled Tuesday 3|2 Blitz"]
[Site "Chess.com"]
[Date "2017.04.11"]
[Round "9"]
[White "pastouche06"]
[Black "kleinebeer98"]
[Result "0-1"]
[WhiteElo "2290"]
[BlackElo "2464"]
[TimeControl "180+2"]
[EndTime "15:08:16 PDT"]
[Termination "kleinebeer98 won by resignation"]

1. c4 c5 2. Nc3 b6 3. e4 Bb7 4.
Nge2 g6 5. d4 cxd4 6. Nxd4 Bg7 7. Be3 Nc6 8. Be2 d6 9. O-O Nf6 10. Qd2 O-O 11. Rac1 Rc8 12. b3 Nxd4 13. Bxd4 e5 14. Be3 Nxe4 15. Nxe4 Bxe4 16. Rfd1 Rc6 17. b4 Qa8 18. f3 Bf5 19. b5 Rcc8 20. Qxd6 e4 21. f4 Rfd8 22. Qb4 Rd3 23. Bxd3 exd3 24. c5 bxc5 25. Rxc5 Re8 26. Bf2 h5 27. Rxf5 gxf5 28. Rxd3 Kh7 29. h3 Re4 30. Qc5 Rxf4 31. Bg3 Qe4 32.
Re3 Bd4 33. Qf8 Qxe3+ 0-1

[Event "*** Qualifier 2: Titled Tuesday 3|2 Blitz"]
[Site "Chess.com"]
[Date "2017.04.11"]
[Round "9"]
[White "GamayevOleg"]
[Black "MyleneFarmer"]
[Result "0-1"]
[WhiteElo "2390"]
[BlackElo "2341"]
[TimeControl "180+2"]
[EndTime "15:08:18 PDT"]
[Termination "MyleneFarmer won by checkmate"]

1. d3 f6 2. e4 g6 3. Nf3 Nh6 4. Be2 Nf7 5. O-O c6 6. c3 b6 7. a4 Bb7 8. Re1 Bg7 9. Na3 O-O 10. Nc2 d6 11. h3 e6 12. Ncd4 Qe7 13. Qb3 Nd8 14.
Qc2 Nd7 15. Bd2 a6 16. Qc1 Nf7 17. Nh2 c5 18. Ndf3 Nde5 19. Nxe5 Nxe5 20. Bh6 Rad8 21. Bxg7 Kxg7 22. f4 Nf7 23. Nf3 e5 24. fxe5 dxe5 25. Rf1 Rd7 26. Qe3 Nd8 27. Rf2 Ne6 28. g3 Rfd8 29.
Raf1 c4 30. dxc4 Qc5 31. Qxc5 Nxc5 32. Kh2 Nxe4 33. Rg2 Bc6 34. Ra1 Nd2 35. Ne1 Bxg2 36. Kxg2 Nb3 37. Ra3 Rd2 38. Kf3 Nc5 39. b4 Ne6 40. a5 Ng5+ 41. Ke3 bxa5 42. h4 Ne6 43. Rxa5 f5 44. Rxa6 f4+ 45. gxf4 Nxf4 46. Ra7+ Kf6 47. Ra6+ Kf5 48. Bf1 Rd1 49. Bd3+ Nxd3 50. Nf3 Nf4 51. Ng5 Rf1 52. Nxh7 Rd3# 0-1

[Event "*** Qualifier 2: Titled Tuesday 3|2 Blitz"]
[Site "Chess.com"]
[Date "2017.04.11"]
[Round "9"]
[White "Gabrielian_Artur"]
[Black "MattyDPerrine"]
[Result "1-0"]
[WhiteElo "2602"]
[BlackElo "2273"]
[TimeControl "180+2"]
[EndTime "15:08:25 PDT"]
[Termination "Gabrielian_Artur won by resignation"]

1. e4 c5 2. Nf3 e6 3. d4 cxd4 4.
Nxd4 a6 5. c4 Qc7 6. Nc3 Nf6 7. Bd3 b6 8. O-O Bb7 9. Be3 d6 10. Rc1 Be7 11. f3 O-O 12. Kh1 Nbd7 13. b3 Rac8 14. Bg1 Qb8 15. Qe2 Kh8 16. Bb1 Rg8 17.
f4 Bd8 18. h3 Bc7 19. Bh2 Qa8 20. Rce1 b5 21. e5 Ne8 22. Bxh7 Rf8 23. Bd3 g6 24. Ne4 dxe5 25. fxe5 bxc4 26. Qe3 Kg7 27. Bxc4 Bxe4 28. Qxe4 Qxe4 29. Rxe4 Nc5 30. Re2 Ba5 31. Bf4 Bc3 32.
Nf3 a5 33. Re3 Bb4 34. Rd1 Nc7 35. Bg5 Ne8 36. Be7 Rh8 37. Ng5 Nb7 38. Rd7 Rc7 39.
Bf6+ Kg8 40. Rxc7 Nxc7 41. Bxh8 Kxh8 42. Nxf7+ Kg7 43. Ng5 Nc5 44. Rf3 Ne8 45. Nxe6+ Nxe6 46. Bxe6 1-0

[Event "*** Qualifier 2: Titled Tuesday 3|2 Blitz"]
[Site "Chess.com"]
[Date "2017.04.11"]
[Round "9"]
[White "oskariot"]
[Black "Alexander_Moskalenko"]
[Result "1-0"]
[WhiteElo "2441"]
[BlackElo "2634"]
[TimeControl "180+2"]
[EndTime "15:08:33 PDT"]
[Termination "oskariot won on time"]

1. c4 d6 2. g3 e5 3. Bg2 g6 4. Nc3 Bg7 5. Nf3 f6 6. O-O Ne7 7. d4 O-O 8. b3 Nd7 9. Bb2 h6 10. Rc1 f5 11. dxe5 Nxe5 12. Nxe5 dxe5 13. Qxd8 Rxd8 14. Nd5 Nxd5 15. cxd5 e4 16. Bxg7 Kxg7 17. Rxc7+ Kf6 18. Rd1 Rd7 19. Rdc1 Rxc7 20. Rxc7 Ke5 21. f4+ Kxd5 22. Rg7 Kd4 23. Kf2 a5 24. Rxg6 h5 25.
Rg8 b5 26. e3+ Kc3 27. Bh3 a4 28. bxa4 b4 29. Bxf5 Rxa4 30. Rxc8+ Kd3 31. Be6 1-0

[Event "*** Qualifier 2: Titled Tuesday 3|2 Blitz"]
[Site "Chess.com"]
[Date "2017.04.11"]
[Round "9"]
[White "Lector118"]
[Black "JoachimBN"]
[Result "0-1"]
[WhiteElo "2434"]
[BlackElo "2576"]
[TimeControl "180+2"]
[EndTime "15:08:37 PDT"]
[Termination "JoachimBN won by resignation"]

1. d4 Nf6 2. c4 e6 3. g3 d5 4. Bg2 Bb4+ 5. Bd2 Bd6 6. Nf3 O-O 7.
O-O c6 8. Qc2 Ne4 9. Be3 f5 10.
Ne5 Nd7 11. f3 Nxe5 12. dxe5 Bc5 13. Bxc5 Nxc5 14. cxd5 Qb6 15. Kh1 cxd5 16. e4 fxe4 17.
fxe4 Rxf1+ 18. Bxf1 Nxe4 19. Nc3 Nf2+ 20. Kg2 Ng4 21.
Qe2 Bd7 22. Qxg4 Qxb2+ 23. Be2 Qxa1 24. Nxd5 Qxe5 25. Ne7+ Kh8 26. Bd3 Bc6+ 27. Kh3 Qf6 28. Ng6+ hxg6 29. Bxg6 Kg8 30. Qh5 Qf1+ 31. Kh4 Qf6+ 32.
Kh3 Rd8 33. Bh7+ Kf8 34. Qc5+ Qe7 35. Qe5 Qf6 36. Qc5+ Kf7 37. Qh5+ g6 0-1

[Event "*** Qualifier 2: Titled Tuesday 3|2 Blitz"]
[Site "Chess.com"]
[Date "2017.04.11"]
[Round "9"]
[White "Infernal_XaM"]
[Black "Cayse"]
[Result "0-1"]
[WhiteElo "2728"]
[BlackElo "2635"]
[TimeControl "180+2"]
[EndTime "15:08:44 PDT"]
[Termination "Cayse won by checkmate"]

1. Nf3 Nf6 2. c4 e6 3. g3 d5 4.
Bg2 Be7 5. O-O O-O 6. cxd5 exd5 7. Qc2 c6 8. d3 Na6 9. a3 Bf5 10. Nh4 Be6 11. Nf3 Bf5 12. h3 h6 13. Nbd2 Re8 14. b4 Bd6 15. Nb3 Qd7 16. Kh2 Rac8 17. Bb2 Nh7 18.
Nc5 Nxc5 19. bxc5 Bc7 20. Bd4 b6 21. a4 f6 22. Rfc1 Ng5 23. Nxg5 hxg5 24. Rab1 Kf7 25. cxb6 axb6 26. Bxb6 Rh8 27. Kg1 Be5 28. g4 Bxg4 29. hxg4 Qxg4 30. Kf1 Rh2 31. Bf3 Qh4 32. Ke1 Bf4 33.
e3 Bg3 34. e4 c5 35. Rb2 g4 36. Bxc5 gxf3 37. Qb3 Rh1+ 38. Kd2 Bf4+ 39. Be3 Qxf2# 0-1

[Event "*** Qualifier 2: Titled Tuesday 3|2 Blitz"]
[Site "Chess.com"]
[Date "2017.04.11"]
[Round "9"]
[White "Bugcrusher"]
[Black "JaimeSantosLatasa"]
[Result "1-0"]
[WhiteElo "2429"]
[BlackElo "2525"]
[TimeControl "180+2"]
[EndTime "15:08:50 PDT"]
[Termination "Bugcrusher won by resignation"]

1. d4 Nf6 2. c4 e6 3. Nf3 Bb4+ 4. Bd2 Be7 5. g3 d5 6. Bg2 c6 7. O-O Nbd7 8. Bf4 dxc4 9. a4 Nd5 10. Qc2 Nxf4 11. gxf4 c5 12. Na3 cxd4 13. Nxd4 Nb6 14. Rfd1 Nd5 15. f5 O-O 16. Nxc4 Bc5 17. Nb3 Qe7 18.
Bxd5 exd5 19. Rxd5 b6 20. Nxc5 bxc5 21. Rd3 Bxf5 22.
Rad1 Qg5+ 23. Kh1 Be4+ 24. f3 Bxd3 25. Rxd3 Rad8 26. Nd6 Qg6 27. Qxc5 Kh8 28. b4 Rd7 29.
Nf5 Rdd8 30. Nd6 h6 31. Qc6 Kh7 32. b5 f5 33. Qc7 Qe6 34. Nxf5 Rxf5 35. Qxd8 Qxe2 36.
h4 Qf1+ 37. Kh2 Qf2+ 38. Kh3 Rf4 39. h5 Rf5 40. Qe8 Qf1+ 41. Kg4 Qxd3 42. Qg6+ Kg8 43. Qxf5 Qc4+ 44. Qe4 Qf7 45. Qa8+ Kh7 46. Qe4+ Kg8 47.
a5 Qd7+ 48. Qf5 Qd4+ 49. Kh3 Qb4 50. Qd5+ Kh8 51. Qa8+ Kh7 52. Qe4+ 1-0

[Event "*** Qualifier 2: Titled Tuesday 3|2 Blitz"]
[Site "Chess.com"]
[Date "2017.04.11"]
[Round "9"]
[White "Sanan_Sjugirov"]
[Black "Marcus_Harvey"]
[Result "0-1"]
[WhiteElo "2663"]
[BlackElo "2530"]
[TimeControl "180+2"]
[EndTime "15:08:56 PDT"]
[Termination "Marcus_Harvey won by resignation"]

1. e4 e6 2. d4 d5 3. Nd2 a6 4. Ngf3 Nf6 5. e5 Nfd7 6. c3 c5 7. Bd3 Nc6 8. O-O g5 9. dxc5 Nxc5 10.
Nb3 g4 11. Nfd4 Nxe5 12. Nxc5 Bxc5 13. Bf4 Qf6 14. Bg3 h5 15. Re1 Bd6 16. Qe2 Nxd3 17. Bxd6 Nxe1 18. Be5 Qh6 19. Bxh8 Nxg2 20. Qe5 Nf4 21.
Bf6 Nh3+ 22. Kg2 Qf4 23. Qxf4 Nxf4+ 24. Kg3 Ng6 25. Re1 Kd7 26. f3 Kd6 27. f4 Bd7 28. Be5+ Nxe5 29. fxe5+ Ke7 30. Rf1 Rg8 31. Kh4 g3 32. hxg3 Rg4+ 33. Kh3 Re4 34. Nf3 Bb5 35. Rf2 Re2 36. Rxe2 Bxe2 37. Nd4 Bd1 38. Kg2 f6 39. exf6+ Kxf6 0-1

[Event "*** Qualifier 2: Titled Tuesday 3|2 Blitz"]
[Site "Chess.com"]
[Date "2017.04.11"]
[Round "9"]
[White "MorpheusPro"]
[Black "Tolya2"]
[Result "0-1"]
[WhiteElo "2153"]
[BlackElo "2314"]
[TimeControl "180+2"]
[EndTime "15:09:09 PDT"]
[Termination "Tolya2 won by resignation"]

1. d4 d5 2. Nf3 Nf6 3. Bf4 c5 4. c3 e6 5. e3 Bd6 6. Bb5+ Nc6 7. Qa4 Bxf4 8. Bxc6+ bxc6 9. exf4 cxd4 10. Nxd4 Bd7 11. Qa3 Qe7 12. Qxe7+ Kxe7 13. Nd2 c5 14. N4f3 Bb5 15.
Ne5 Nd7 16. O-O-O Nxe5 17. fxe5 a5 18. Rhe1 Rhb8 19. f4 a4 20. g4 h5 21. h3 hxg4 22. hxg4 Rh8 23. Rh1 Be2 24. Rxh8 Rxh8 25. Rg1 Rh4 26. c4 Rxg4 27. Rxg4 Bxg4 28. cxd5 exd5 29. Nf1 d4 30. Kd2 Ke6 31. Ng3 Kd5 32. b3 a3 33.
Kd3 g6 34. Kd2 Bf5 35. Nxf5 gxf5 36. Kd3 c4+ 37. bxc4+ Kc5 38. Kd2 Kxc4 39. Kc2 d3+ 40. Kd2 Kd4 41. Kd1 Kc3 42. Kc1 Kc4 43. Kd1 Kd4 44.
Kd2 Ke4 45. Kc3 Ke3 46. Kb3 d2 47. Kxa3 d1=Q 48. Kb2 Kxf4 49. a4 Qxa4 50. e6 fxe6 51. Kc3 Ke4 52. Kb2 Kd3 53. Kb1 Kc3 0-1

[Event "*** Qualifier 2: Titled Tuesday 3|2 Blitz"]
[Site "Chess.com"]
[Date "2017.04.11"]
[Round "9"]
[White "ruvat"]
[Black "sorito"]
[Result "0-1"]
[WhiteElo "2223"]
[BlackElo "2302"]
[TimeControl "180+2"]
[EndTime "15:09:10 PDT"]
[Termination "sorito won by resignation"]

1. d4 Nf6 2. c4 e6 3. g3 d5 4. Nf3 Bb4+ 5. Bd2 Be7 6. Bg2 O-O 7. Qc2 c6 8. O-O b6 9. b3 Nbd7 10. a4 a5 11. Na3 Ba6 12. Rfd1 Rc8 13. Qb2 Bd6 14. Rac1 Qe7 15. Nb1 Ne4 16. Be1 f5 17.
e3 g5 18. Ne5 Nxe5 19. dxe5 Bc5 20. Nd2 Ba3 21. Qc2 Bxc1 22. Rxc1 g4 23. Bf1 Bb7 24.
Nxe4 fxe4 25. c5 Rf5 26. cxb6 c5 27. Bxa5 Rcf8 28. Be1 Rc8 29. a5 d4 30. exd4 cxd4 31.
Qxc8+ Bxc8 32. Rxc8+ Rf8 33. Rc7 Qd8 34. Bc4 e3 35. a6 d3 36. fxe3 d2 37. Bxe6+ Kh8 38. Bxd2 Qxd2 39. Rf7 Qxe3+ 40. Kg2 Qe4+ 41. Kg1 Rxf7 42.
Bxf7 Qxe5 43. a7 Qa1+ 44. Kf2 Qa6 45. Bd5 Qxb6+ 0-1

[Event "*** Qualifier 2: Titled Tuesday 3|2 Blitz"]
[Site "Chess.com"]
[Date "2017.04.11"]
[Round "9"]
[White "TheNextLevelFan"]
[Black "Vrolijk"]
[Result "1-0"]
[WhiteElo "2383"]
[BlackElo "2286"]
[TimeControl "180+2"]
[EndTime "15:09:10 PDT"]
[Termination "TheNextLevelFan won by resignation"]

1. d4 Nf6 2. c4 g6 3. Nc3 Bg7 4.
e4 d6 5. Be2 O-O 6. Nf3 e5 7.
d5 a5 8. O-O Na6 9. Re1 Nc5 10.
Bf1 Nh5 11. b3 f5 12. Nd2 Nf6 13. a3 Qe7 14. Bb2 Qf7 15. exf5 Bxf5 16. b4 axb4 17. axb4 Rxa1 18. Bxa1 Nd3 19. Bxd3 Bxd3 20. Re3 Ng4 21. Rf3 Bf5 22. h3 Nf6 23. Nce4 Nxe4 24. Nxe4 Qd7 25. Ng3 Qe8 26. Nxf5 gxf5 27. Rg3 Kh8 28. Bc3 Qf7 29.
b5 f4 30. Rg5 h6 31. Rg4 Qf5 32. b6 cxb6 33. Bb4 Rf6 34. Qa4 Kh7 35. Qe8 Qb1+ 36. Kh2 Qxb4 37. Qd7 Rg6 38. Qf5 1-0

[Event "*** Qualifier 2: Titled Tuesday 3|2 Blitz"]
[Site "Chess.com"]
[Date "2017.04.11"]
[Round "9"]
[White "Vamostodorecto"]
[Black "alturas_pacificas"]
[Result "1-0"]
[WhiteElo "2354"]
[BlackElo "2149"]
[TimeControl "180+2"]
[EndTime "15:09:20 PDT"]
[Termination "Vamostodorecto won by resignation"]

1. d4 d5 2. c4 c6 3. Nf3 Nf6 4. Nc3 e6 5. e3 Nbd7 6. Bd3 dxc4 7. Bxc4 b5 8. Bd3 Bb7 9. O-O a6 10. e4 c5 11. e5 Nd5 12. Nxd5 Bxd5 13. Qe2 Be7 14.
Be4 Nb6 15. dxc5 Bxc5 16. Bg5 Be7 17. Bf4 O-O 18. Rfd1 Rc8 19. Be3 Bc5 20. Bxh7+ Kxh7 21. Ng5+ Kg6 22. Qg4 f5 23. exf6 Kxf6 24. Nxe6 Bxe6 25. Qg5+ Kf7 26. Rxd8 Rfxd8 27. Bxc5 Nd5 28. Be3 Nxe3 29.
Qxe3 Rd6 30. h4 Rcd8 31. a3 Rd3 32. Qa7+ R8d7 33. Qxa6 Bc4 34. Qc6 R7d6 35. Qc7+ Rd7 36. Qf4+ Kg8 37. Re1 Rd1 38. Rxd1 Rxd1+ 39. Kh2 Rd7 40.
b3 Bxb3 41. Qb8+ Kh7 42. Qxb5 Be6 43. Qh5+ Kg8 44. Qe8+ Kh7 45. Qxe6 Ra7 46. Qe4+ Kh8 47. a4 g6 48. Qd4+ Rg7 49. a5 Kh7 50. Qxg7+ 1-0

[Event "*** Qualifier 2: Titled Tuesday 3|2 Blitz"]
[Site "Chess.com"]
[Date "2017.04.11"]
[Round "9"]
[White "chesstatour"]
[Black "MartinMatthiesen"]
[Result "0-1"]
[WhiteElo "1943"]
[BlackElo "2253"]
[TimeControl "180+2"]
[EndTime "15:09:35 PDT"]
[Termination "MartinMatthiesen won by resignation"]

1. c4 c5 2. Nc3 Nc6 3. Nf3 g6 4. d4 cxd4 5. Nxd4 Bg7 6. e3 Nf6 7. Be2 O-O 8. O-O Nxd4 9. exd4 d5 10. b3 Qa5 11. Bd2 dxc4 12. bxc4 Be6 13. Rb1 Qc7 14. Qb3 b6 15. Nb5 Qd7 16. d5 Bf5 17.
Rbc1 Ne4 18. Be3 Rac8 19. Rfd1 Nc5 20. Qa3 a6 21. Nd4 Qb7 22. Nxf5 gxf5 23. Rb1 Qc7 24. Bxc5 bxc5 25. Qxa6 Bd4 26. Qb7 Qf4 27. Bf3 Ra8 28.
d6 Rxa2 29. dxe7 Re8 30. Qd7 Rxe7 31. Qxe7 Rxf2 32. Kh1 Rxf3 33. Rb8+ Kg7 34. Qf8+ Kg6 35. Rb6+ f6 36. Qg8+ Kh6 37. Qf8+ Kg6 38. Qg8+ Kh6 39. Qf8+ Kg6 40. Qe8+ Kh6 41. Qe2 Rf2 42. Qe7 Rf1+ 0-1

[Event "*** Qualifier 2: Titled Tuesday 3|2 Blitz"]
[Site "Chess.com"]
[Date "2017.04.11"]
[Round "9"]
[White "MasterLeif"]
[Black "proxy6"]
[Result "1-0"]
[WhiteElo "2300"]
[BlackElo "2195"]
[TimeControl "180+2"]
[EndTime "15:09:43 PDT"]
[Termination "MasterLeif won by resignation"]

1. b3 e5 2. Bb2 d6 3. e3 Be6 4.
Nf3 Be7 5. Be2 Nf6 6. d4 exd4 7.
Nxd4 O-O 8. Nxe6 fxe6 9. O-O Nc6 10. c4 e5 11. Nc3 Qd7 12. Nd5 Nxd5 13. cxd5 Nd8 14. Rc1 c6 15. Bg4 Qe8 16. dxc6 bxc6 17. f4 exf4 18. exf4 Bf6 19. Re1 Qg6 20. Bxf6 Qxf6 21.
g3 d5 22. Re5 Rb8 23. Qd2 Rb7 24. b4 Re7 25. Rce1 Rxe5 26. Rxe5 Qd6 27. Qd4 Nf7 28.
Re6 Qc7 29. Qc5 Nd8 30. Re7 Qb6 31. Rxa7 Qxc5+ 32. bxc5 Re8 33. Kf2 Kf8 34. a4 Re7 35. Ra8 Ke8 36. a5 Rb7 37. a6 Rb2+ 38. Ke3 Rxh2 39.
Be2 Rh1 40. Ra7 Ne6 41. Rb7 Ra1 42. a7 d4+ 43. Kf2 Nd8 44. Rxg7 Ra2 45. Ke1 Nf7 46. Rg8+ 1-0